 Dungeon Crawl Stone Soup version 0.26.0-5-gb5863c6483 (webtiles) character file.

Game seed: 5160083822774012722

46 Acheron the Skirmisher (level 3, 0/29 HPs)
             Began as a Demonspawn Abyssal Knight on Jan 10, 2021.
             Was a Believer of Lugonu.
             Succumbed to an adder's poison
             ... on level 3 of the Dungeon.
             The game lasted 00:04:42 (1146 turns).

Acheron the Skirmisher (Demonspawn Abyssal Knight)  Turns: 1146, Time: 00:04:42

Health: 0/29       AC:  6    Str:  9 (12) XL:     3   Next: 46%
Magic:  4/4        EV: 11    Int: 11 (13) God:    Lugonu [**....]
Gold:   57         SH:  0    Dex: 14 (15) Spells: 2/2 levels left

rFire    + . .     SeeInvis .   a - +1 hand axe
rCold    + . .     Faith    .   (no shield)
rNeg     . . .     Spirit   .   b - +0 leather armour
rPois    .         Reflect  .   e - +0 helmet
rElec    .         Harm     .   n - +1 cloak
rCorr    .         Rampage  .   (no gloves)
Will     .....                  (no boots)
Stlth    ++........             (no amulet)
HPRegen  0.09/turn              o - ring of protection from fire
MPRegen  0.09/turn              (no ring)

@: lethally poisoned (0 -> -4)
A: thin skeletal structure 1, cold resistance 1
a: Renounce Religion, Depart the Abyss, Bend Space


You were on level 3 of the Dungeon.
You worshipped Lugonu.
Lugonu was pleased with you.
You visited 1 branch of the dungeon, and saw 3 of its levels.
You visited the Abyss 1 time.

You collected 57 gold pieces.

Inventory:

Hand Weapons
 a - a +1 hand axe (weapon)
Missiles
 f - 30 stones
 l - 8 curare-tipped darts
Armour
 b - a +0 leather armour (worn)
 e - a +0 helmet (worn)
 n - a +1 cloak (worn)
Jewellery
 j - an uncursed ring of fire
 o - a ring of protection from fire (left hand)
 p - an uncursed amulet of faith
Scrolls
 c - 2 scrolls of fear {unknown}
 d - 2 scrolls of remove curse


   Skills:
 + Level 3.3 Fighting
 + Level 2.1 Axes
 * Level 2.2 Armour
 * Level 1.3 Dodging
 * Level 1.2 Stealth
 + Level 2.4 Invocations


You had 2 spell levels left.
You didn't know any spells.
Your spell library was empty.

Dungeon Overview and Level Annotations

Branches:
Dungeon (3/15)

Altars:
Xom

Annotations:
D:2 Jessica


Innate Abilities, Weirdness & Mutations

You have a somewhat thin skeletal structure. (Dex +2, Stealth)
Your flesh is cold resistant. (rC+)


Message History

There is an escape hatch in the floor here.
You slide downwards.
The hatch slams shut behind you.
A goblin, a hobgoblin and 2 orcs come into view.
The goblin shouts!
The orc shouts! x2; You hear a shout!
Found 3 inky potions and 37 gold pieces.
* * * LOW HITPOINT WARNING * * *
You feel sick.
The hobgoblin shouts!
You hear a shout!
An orc comes into view. It is wielding a +0 flail.
Found a flail.
As you read the scroll labelled ARARAJEROQ, it crumbles to dust.
The creatures around you are filled with an inner flame!
It was a scroll of immolation.
As you read the scroll labelled NUSEIR MUJ TUR, it crumbles to dust.
It is a scroll of enchant armour.
Your +0 cloak glows green for a moment.
The orc closely misses you.
As you read the scroll labelled XIMOSAI TOTUTT, it crumbles to dust.
It is a scroll of identify.
p - an uncursed amulet of faith You die...

###########
##....$....#
#..........#..
#...........!.
#.....@ogo....
#.....g.!...$.
#...........o.
#.............
..........#...)
####.#.......###
..#.#####.#
####$ .#


You could see 3 orcs, a hobgoblin (inner flame) and a goblin (inner flame).

Vanquished Creatures
  An adder (D:2)
  A worm (D:2)
  A dart slug (D:1)
  5 bats
  3 giant cockroaches (D:2)
  2 hobgoblins (D:1)
  A jackal (D:1)
  A quokka (D:2)
  A frilled lizard (D:1)
  5 goblins
  5 kobolds (D:1)
  6 rats
32 creatures vanquished.

Notes
Turn   | Place    | Note
-------+----------+-------------------------------------------
     0 | Abyss:1  | Acheron the Demonspawn Abyssal Knight began the quest for
                  | the Orb.
     0 | Abyss:1  | Reached XP level 1. HP: 18/18 MP: 2/2
     3 | D:1      | Escaped the Abyss
   375 | D:1      | Reached skill level 1 in Dodging
   377 | D:1      | Gained mutation: You have a somewhat thin skeletal
                  | structure. (Dex +2, Stealth) [demonic ancestry]
   377 | D:1      | Reached XP level 2. HP: 24/24 MP: 3/3
   492 | D:1      | Reached ** piety under Lugonu
   815 | D:1      | Reached skill level 1 in Stealth
   926 | D:2      | Noticed Jessica
   930 | D:2      | Found a shimmering altar of Xom.
   955 | D:2      | Gained mutation: Your flesh is cold resistant. (rC+)
                  | [demonic ancestry]
   955 | D:2      | Reached XP level 3. HP: 29/29 MP: 4/4
  1143 | D:3      | HP: 1/29 [poisoned by an adder]
  1146 | D:3      | Succumbed to an adder's poison

Illustrated notes

Levels and vault maps discovered:
D:1:      ebering_trefoil_twist, layout_rooms, minmay_tetromino_t4
D:2:      layout_basic, general_overflow_altar, nemelex_altar_shiori,
          xom_redecorated, serial_glass, glass_columns_b, glass_columns_c,
          glass_columns_a, glass_columns_a, glass_columns_a,
          nicolae_gozag_zags_fifth_avenue, uniq_jessica, uniq_robin
D:3:      layout_basic, grunt_qazlal_sundering,
          grunt_dithmenos_smoke_and_mirrors, minmay_lizard_king, uniq_sigmund

Skill      XL: |  1  2 |
---------------+-------+-----
Dodging        | 1 |  1.3
Armour         | 2 |  2.2
Stealth        | 1 |  1.2
Axes           | 2 |  2.1
Fighting       | |  3.3
Invocations    | |  2.4

Action                   || total
-------------------------++-------
Melee: Hand axe          ||    72
  Use: Scroll            ||     4
       Potion            ||     3
 Stab: Sleeping          ||     7
Armor: Leather armour    ||    17
Dodge: Dodged            ||    55
